 Dungeon Crawl Stone Soup version 0.30-a0-55-g90e3122c3a (webtiles) character file.

Game seed: 6103661779977613107

32 Newt the Trooper (level 3, -2/28 HPs)
             Began as a Demonspawn Gladiator on Sept 9, 2022.
             Slain by a gnoll
             ... wielding a +2 flail of holy wrath
             ... led by a gnoll bouda
              (8 damage)
             ... on level 4 of the Dungeon.
             The game lasted 00:01:08 (911 turns).

Newt the Trooper (Demonspawn Gladiator)              Turns: 911, Time: 00:01:09

Health: -2/28      AC: 12    Str: 16    XL:     3   Next: 10%
Magic:  3/3        EV: 12    Int:  9    God:
Gold:   51         SH:  0    Dex: 14    Spells: 2/2 levels left

rFire   . . .      SeeInvis .    j - +1 short sword (protect)
rCold   . . .      Faith    .    (no shield)
rNeg    . . .      Spirit   .    b - +0 leather armour
rPois   .          Reflect  .    c - +0 helmet
rElec   .          Harm     .    (no cloak)
rCorr   .          Rampage  .    (no gloves)
Will    .....                    g - +0 pair of boots
Stlth   ++........               (no amulet)
HPRegen 0.09/turn                (no ring)
MPRegen 0.08/turn                (no ring)

@: under a protective aura
A: powered by death 1
a: no special abilities


You were on level 4 of the Dungeon.
You visited 1 branch of the dungeon, and saw 3 of its levels.

You collected 51 gold pieces.

Inventory:

Hand Weapons
 a - a +0 rapier
 j - a +1 short sword of protection (weapon)
Missiles
 d - 3 throwing nets (quivered)
 e - a javelin
 k - 3 boomerangs
Armour
 b - a +0 leather armour (worn)
 c - a +0 helmet (worn)
 g - a +0 pair of boots (worn)
Scrolls
 f - 2 scrolls of identify {unknown}
 i - a scroll of noise {unknown}
 m - a scroll of enchant weapon {unknown}
Potions
 h - a potion of degeneration {unknown}
 l - a potion of lignification {unknown}


   Skills:
 + Level 2.8 Fighting
 - Level 2.6 Short Blades
 - Level 1.7 Throwing
 - Level 2.6 Dodging
 - Level 2.0 Stealth


You had 2 spell levels left.
You didn't know any spells.
Your spell library was empty.

Dungeon Overview and Level Annotations

Branches:
Dungeon (2/15)

Altars:


Innate Abilities, Weirdness & Mutations

You regenerate a little health from kills.


Message History

A gnoll is wielding a +2 flail of holy wrath.
There are monsters nearby!
There are monsters nearby!
A gnoll bouda comes into view. It is wielding a +0 club.
The gnoll hits you with a +0 whip.
You see here a scroll labelled XULATU UBUG.
You completely miss the gnoll. The gnoll hits you with a +0 whip.
You closely miss the gnoll.
The gnoll bouda shouts!
The gnoll closely misses you.
The gnoll bouda gazes fiercely through you!
You feel your attacks grow feeble. The gnoll hits you with a +0 whip.
The gnoll bouda barks out a call to the hunt!
The gnolls pick up the pace!
The gnoll attacks as you move away!
The gnoll hits you with a +2 flail of holy wrath.
You convulse.
The gnoll attacks as you move away! The gnoll barely misses you.
The gnoll closely misses you.
Your attacks no longer feel as feeble.
Things that are here:
a +0 spear; a dart slug corpse
Things that are here:
a +0 spear; a hobgoblin corpse The gnoll hits you with a +2 flail of holy wrath.
You convulse.
You hit the gnoll.
Your weapon exudes an aura of protection.
The gnoll is moderately wounded.
The gnoll hits you with a +2 flail of holy wrath.
You convulse!
* * * LOW HITPOINT WARNING * * *
You hit the gnoll.
The gnoll is heavily wounded.
The gnoll barely misses you.
You hit the gnoll but do no damage.
The gnoll is heavily wounded.
The gnoll hits you with a +2 flail of holy wrath!
You die...

#############..##
#.............##
#............##
#..........g.#
#............#
#............#
#########g####
#g# ##@# #..#
...........#
>#########.# #


You could see a gnoll bouda and 2 gnolls.

Vanquished Creatures
  2 gnolls (D:4)
  A dart slug (D:4)
  An endoplasm (D:1)
  A giant cockroach (D:1)
  A goblin (D:1)
  2 hobgoblins
  A ball python (D:1)
  A frilled lizard (D:1)
  A kobold (D:1)
  2 rats (D:1)
13 creatures vanquished.

Notes
Turn   | Place    | Note
-------+----------+-------------------------------------------
     0 | D:1      | Newt the Demonspawn Gladiator began the quest for the Orb.
     0 | D:1      | Reached XP level 1. HP: 16/16 MP: 1/1
   227 | D:1      | Reached skill level 1 in Stealth
   402 | D:1      | Found a faded altar of an unknown god.
   486 | D:1      | Gained mutation: You regenerate a little health from kills.
                  | [demonic ancestry]
   486 | D:1      | Reached XP level 2. HP: 22/22 MP: 2/2
   792 | D:2      | You fall into a shaft and drop 2 floors!
   833 | D:4      | Reached XP level 3. HP: 23/28 MP: 3/3
   911 | D:4      | Slain by a gnoll

Illustrated notes

Levels and vault maps discovered:
D:1:      lightli_arrival_windingriver, layout_loops_cross,
          shapermc_ecumenical_altar_notcrosses, chequers_serial_rivers_small_b
D:2:      layout_loops_corners
D:4:      layout_basic, kennysheep_path_1

Skill      XL: |  1  2 |
---------------+-------+-----
Stealth        | 1 2 |  2.0
Fighting       | |  2.8
Short Blades   | |  2.6
Throwing       | |  1.7
Dodging        | |  2.6

Action                   || total
-------------------------++-------
Melee: Rapier            ||    14
       Short sword       ||    20
Throw: Javelin           ||     1
 Stab: Sleeping          ||     1
Armor: Leather armour    ||    15
Dodge: Dodged            ||    23

Table legend: (Time is in decaauts)
 A = Elapsed time spent in this place.
 B = Non-inter-level travel time spent in this place.
 C = Inter-level travel time spent in this place.
 D = Time resting spent in this place.
 E = Time spent auto-exploring this place.
 F = Levels seen in this place.
 G = Mean time per level.
                   A        B        C        D        E       F      G
               +--------+--------+--------+--------+--------+-----+--------+
         Total |    917 |    879 |     38 |      0 |    730 |   3 |  305.7 |
       Dungeon |    917 |    879 |     38 |      0 |    730 |   3 |  305.7 |
               +--------+--------+--------+--------+--------+-----+--------+

Top non-repeatable levels by time:
     D:1: 798 daAuts
     D:4: 118 daAuts
